 Dungeon Crawl Stone Soup version 0.24-a0-500-g46574c2197 (webtiles) character file.

Game seed: 16759886971330184622

282612 Peloso the Hoplite (level 19, -10/179 HPs)
             Began as a Minotaur Fighter on July 15, 2019.
             Was the Champion of Okawaru.
             Killed from afar by a deep elf death mage (28 damage)
             ... with a bolt of negative energy
             ... on level 3 of the Elven Halls.
             The game lasted 02:23:21 (43763 turns).

Peloso the Hoplite (Minotaur Fighter)              Turns: 43763, Time: 02:23:22

Health: -10/179    AC: 24    Str: 46      XL:     19   Next: 73%
Magic:  0/20       EV: 14    Int:  0 (5)  God:    Okawaru [******]
Gold:   2354       SH: 26    Dex: 15      Spells: 18/18 levels left

rFire    . . .     SeeInvis +   a - +4 demon blade (elec)
rCold    . . .     Gourm    .   c - +0 large shield
rNeg     . . .     Faith    .   y - +7 chain mail of the Furies {rPois}
rPois    +         Spirit   +   V - +0 mask of the Dragon {MR+ Slay+3 SInv}
rElec    .         Reflect  .   i - scarf {Spirit}
rCorr    .         Harm     .   m - +0 pair of gloves {Str+3}
MR       ++...                  M - +2 pair of boots {Stlth+}
Stlth    ..........             D - amulet of guardian spirit
HPRegen  0.39/turn              X - ring of Pieluom {rPois AC+1 Str+7 Dex+6}
MPRegen  0.17/turn              E - +5 ring of strength

@: mighty, heroism, slowed, lost intelligence, extremely drained, very slow
A: retaliatory headbutt, horns 2, clumsy 1, weak 1
}: 2/15 runes: barnacled, gossamer
a: Heroism, Finesse, Renounce Religion


You were on level 3 of the Elven Halls.
You worshipped Okawaru.
Okawaru was exalted by your worship.
You were hungry.

You visited 7 branches of the dungeon, and saw 35 of its levels.
You visited the Abyss 2 times.
You also visited: Ice Cave.

You collected 3671 gold pieces.
You spent 1317 gold pieces at shops.

Inventory:

Hand Weapons
 a - a +4 demon blade of electrocution (weapon)
 b - the +3 falchion of Nilec {vamp, rElec}
   (You bought it in a shop on level 2 of the Orcish Mines)

   It inflicts no extra harm, but heals its wielder when it wounds a living foe.
   It insulates you from electricity.
 g - a +2 scimitar of flaming
 w - the +10 morningstar "Eos" {elec, Halo rElec}
   (You found it in an ice cave)

   Occasionally, upon striking a foe, it will discharge some electrical energy
   and cause terrible harm.
   It insulates you from electricity.
 K - a +3 falchion of holy wrath
Armour
 c - a +0 large shield (worn)
 i - a scarf of spirit shield (worn)
 m - a +0 pair of gloves of strength (worn)
 o - a +0 hat of magic resistance
 t - a +1 pair of gloves
 y - the +7 chain mail of the Furies (worn) {rPois}
   (You bought it in a shop on level 2 of the Orcish Mines)

   It protects you from poison.
 M - a +2 pair of boots of stealth (worn)
 U - a scarf of resistance
 V - the +0 mask of the Dragon (worn) {MR+ Slay+3 SInv}
   (Okawaru gifted it to you on level 13 of the Dungeon)

   It affects your accuracy and damage with ranged weapons and melee attacks
   (+3).
   It affects your resistance to hostile enchantments.
   It lets you see invisible.
Jewellery
 l - an uncursed ring of protection from fire
 v - an uncursed ring of resist corrosion
 B - an uncursed ring of protection from fire
 C - an uncursed ring of ice
 D - an amulet of guardian spirit (around neck)
 E - a +5 ring of strength (right hand)
 I - an uncursed ring of flight
 L - a +4 ring of evasion
 O - an uncursed ring of protection from cold
 R - an uncursed ring of poison resistance
 X - the ring of Pieluom (left hand) {rPois AC+1 Str+7 Dex+6}
   (You bought it in a shop on level 3 of the Elven Halls)

   [ring of protection]

   It affects your AC (+1).
   It affects your strength (+7).
   It affects your dexterity (+6).
   It protects you from poison.
Wands
 r - a wand of digging (3)
 N - a wand of enslavement (9)
 Q - a wand of iceblast (14)
 W - a wand of random effects (14)
Scrolls
 e - a scroll of enchant weapon
 j - 4 scrolls of fog
 k - 17 scrolls of teleportation
 n - 22 scrolls of remove curse
 p - 12 scrolls of identify
 q - a scroll of blinking
 F - a scroll of brand weapon {unknown}
 G - 5 scrolls of magic mapping
 H - 4 scrolls of fear
 J - a scroll of noise
 T - 2 scrolls of summoning {unknown}
Potions
 d - a potion of might
 h - 6 potions of flight
 s - 5 potions of curing
 x - 3 potions of haste
 z - 3 potions of agility
 A - a potion of mutation
 P - 2 potions of berserk rage
 S - 4 potions of resistance
Comestibles
 f - 66 rations


   Skills:
 + Level 18.0(13.5) Fighting
 + Level 19.5(14.7) Long Blades
 + Level 14.0(10.2) Armour
 + Level 13.3(9.6) Dodging
 + Level 4.8(2.6) Stealth
 + Level 23.7(16.7) Shields
 + Level 2.7(0.0) Invocations
 + Level 0.1(0.0) Evocations


You had 18 spell levels left.
You didn't know any spells.
Your spell library contained the following spells:

 Spells                   Type           Power        Failure   Level  Hunger
 Magic Dart               Conj           #...         99%         1    ##.....
 Sandblast                Erth           #.....       99%         1    ##.....
 Summon Butterflies       Summ           #.......     99%         1    ##.....
 Passwall                 Tmut/Erth      #.......     100%        2    ###....
 Searing Ray              Conj           #.....       100%        2    ###....
 Call Canine Familiar     Summ           #.......     100%        3    ####...
 Dazzling Spray           Conj/Hex       #.....       100%        3    ####...
 Stone Arrow              Conj/Erth      #.....       100%        3    ####...
 Force Lance              Conj/Tloc      #.......     100%        4    #####..
 Fulminant Prism          Conj/Hex       #.........   100%        4    #####..
 Iskenderun's Mystic Bla  Conj           #.......     100%        4    #####..
 Petrify                  Tmut/Erth      #.......     100%        4    #####..
 Summon Ice Beast         Ice/Summ       #.......     100%        4    #####..
 Irradiate                Conj/Tmut      #.........   100%        5    ######.
 Lee's Rapid Deconstruct  Erth           #.........   100%        5    ######.
 Summon Mana Viper        Hex/Summ       #.......     100%        5    ######.
 Hydra Form               Tmut           #.........   100%        6    #######
 Statue Form              Tmut/Erth      #........    100%        6    #######
 Dragon Form              Tmut           #.........   100%        7    #######
 Summon Hydra             Summ           #.........   100%        7    #######


Dungeon Overview and Level Annotations

Branches:
Dungeon (15/15)            Temple (1/1) D:7            Lair (6/6) D:11
 Shoals (4/4) Lair:2       Spider (4/4) Lair:3        Slime (0/5) Lair:6
    Orc (2/2) D:11            Elf (3/3) Orc:2        Vaults (0/5) D:14
 Depths (0/5) D:15

Altars:
Cheibriados
Elyvilon
Fedhas
Kikubaaqudgha
Makhleb
Nemelex Xobeh
Okawaru
Qazlal
Ru
Sif Muna
Wu Jian
Xom
Yredelemnul
Zin
The Shining One
Beogh
Jiyva

Shops:
D:4 *   D:5 *   D:7 !   D:11 [(   Orc:2 :([*!   Elf:3 =   Shoals:2 =

Portals:
Pandemonium: Orc:2

Annotations:
Elf:2 3 runed translucent doors


Innate Abilities, Weirdness & Mutations

You reflexively headbutt those who attack you in melee.
You have a pair of horns on your head.
You are clumsy. (Dex -2)
You are weak. (Str -2)


Message History

You feel better.
Some walls begin to move on their own!
The deep elf death mage points at you and mumbles some strange words.
The bolt of negative energy hits the earth elemental.
The earth elemental completely resists.
The bolt of negative energy hits you!!
You feel drained.
* * * LOW HITPOINT WARNING * * *
You slash the deep elf death mage! You headbutt the deep elf death mage!!
The deep elf death mage is severely wounded.
The deep elf death mage hits you but does no damage.
Unknown command.
You gain the combat prowess of a mighty hero.
You feel yourself slow down.
The deep elf elementalist points at you and mumbles some strange words.
Some walls begin to move on their own!
You block the earth elemental's attack.
The deep elf death mage hits you but does no damage.
The deep elf death mage points at you and mumbles some strange words.
The bolt of negative energy hits the earth elemental.
The earth elemental completely resists.
The bolt of negative energy hits you!!
You feel drained.
You die...

#.# ##.## #.#
##)...)...##
#'###'## ###'###
#......(..# .....##
#.....#
##.........##
......# ###.....###
#...........#
..P...###.........#
#...........#
^P.P..'.)....P....#
#.[.....<...#
..P...###.).P.P...#
##.........##
......# #....P....#
#..^......# .....##
#.......@E#
##.......## ######
###....EEee.#
#.......#
#.....EEEe#
#########
#######e.e# ##[##
#eE# ##○# #[## #.e#


You could see a deep elf master archer, a deep elf annihilator, 2 deep elf death
magi, a deep elf sorcerer, a deep elf elementalist, 6 earth elementals and a
fire elemental.

Vanquished Creatures
  Arachne (Spider:3)
  2 deep elf blademasters (Elf:3)
  2 deep elf master archers (Elf:3)
  A kraken (Shoals:3)
  An orc warlord (D:11)
  A frost giant (Abyss:3)
  Aizul (Spider:3)
  3 ghost moths
  A ghoul (Abyss:4)
  8 emperor scorpions
  Louise (D:15)
  4 deep elf sorcerers
  2 very ugly things (Abyss:3)
  7 entropy weavers
  A deep elf annihilator (Elf:2)
  Azrael (Spider:3)
  2 ettins
  A dire elephant (Lair:6)
  Snorg (D:11)
  3 deep elf death magi (Elf:3)
  6 merfolk javelineers
  A blizzard demon (IceCv)
  2 deep elf high priests
  4 merfolk impalers
  Fannar (Orc:1)
  Harold (D:7)
  5 hydras
  3 merfolk avatars
  The ghost of Remyf the Protected, a journeyman GnWn of Cheibriados (Spider:1)
  2 catoblepae
  6 two-headed ogres
  5 merfolk aquamancers
  A death knight (Abyss:4)
  2 centaur warriors
  10 dancing weapons
  An ogre mage (Orc:2)
  A deep troll shaman (Lair:6)
  7 death yaks (Lair:6)
  5 satyrs
  9 orc high priests
  15 deep elf knights
  2 tengu warriors (D:14)
  6 thrashing horrors
  2 sun demons (Orc:2)
  3 fire crabs
  A gelid demonspawn (Orc:2)
  A torturous demonspawn (Orc:2)
  16 sea snakes
  2 unseen horrors
  A spatial maelstrom (Abyss:3)
  19 orc knights
  40 harpies
  12 deep elf archers
  16 orb spiders
  4 wizards
  8 orc sorcerers
  2 necromancers
  42 deep elf magi
  12 manticores
  7 cyclopes
  19 ugly things
  28 wolf spiders
  19 fauns
  2 worldbinders
  15 elephants
  3 moths of wrath
  11 merfolk sirens
  A guardian serpent (shapeshifter) (D:14)
  4 centaur zombies
  2 black mambas (Lair:6)
  4 water nymphs
  2 ice statues (IceCv)
  Joseph (D:9)
  A rust devil (Orc:2)
  3 centaur skeletons
  8 spiny frogs
  4 torpor snails
  A gargoyle (D:11)
  An orange demon (Abyss:3)
  A hellion (Abyss:3)
  3 rime drakes
  3 freezing wraiths
  A kobold demonologist (D:13)
  14 ice devils (IceCv)
  7 komodo dragons
  A hellwing (Orc:2)
  15 demonic crawlers
  2 queen bees
  4 trolls
  21 jumping spiders
  36 merfolk
  2 polar bears (Lair:6)
  7 snapping turtles
  6 hornets
  Prince Ribbit (D:6)
  3 slime creatures (D:13)
  11 dream sheep
  7 hippogriffs
  An air elemental (Elf:2)
  A shadow (D:13)
  23 tarantellas
  A vampire (D:10)
  4 wyverns
  A ynoxinul (Abyss:4)
  6 water elementals
  3 wraiths
  6 fire bats
  30 yaks
  6 basilisks
  5 fire elementals
  3 neqoxecs (Abyss:3)
  45 redbacks
  A human (D:8)
  A chaos spawn (Orc:2)
  3 hungry ghosts
  4 vampire mosquitoes (D:13)
  2 small abominations
  Edmund (D:4)
  A large abomination (Abyss:4)
  A spatial vortex (Abyss:3)
  6 wargs (Orc:2)
  3 acid dragons
  8 porcupines
  10 water moccasins
  6 hell hounds
  2 black bears
  5 ice beasts
  A necrophage (D:8)
  48 orc warriors
  2 hornet zombies (D:15)
  3 phantoms
  A black bear (shapeshifter) (D:15)
  3 eyes of draining
  12 sky beasts
  6 starcursed masses (Abyss:4)
  10 ogres
  29 wolves
  11 centaurs
  11 crocodiles
  A big kobold (D:12)
  22 bullfrogs
  A wyvern zombie (D:14)
  An earth elemental (Elf:3)
  2 wyvern skeletons
  3 scorpions
  50 killer bees
  13 wights
  4 howler monkeys
  2 electric eels
  4 crimson imps
  A quasit (D:9)
  5 hounds
  8 jellies
  26 orc wizards
  A bullfrog skeleton (D:9)
  36 orc priests
  Natasha (thrice) (D:2)
  2 iguanas
  10 worker ants
  A killer bee zombie (D:5)
  A mummy (D:8)
  2 worker ant zombies (D:5)
  12 adders
  A river rat (Lair:3)
  9 shadow imps
  8 white imps (IceCv)
  5 ufetubi (IceCv)
  2 adder zombies (D:5)
  2 adder skeletons
  8 worms
  2 dart slugs
  8 leopard geckos
  87 orcs
  6 giant cockroaches
  10 goblins
  9 hobgoblins
  13 jackals
  4 quokkas
  8 bats
  7 frilled lizards
  2 goblin skeletons (D:9)
  A goblin zombie (D:9)
  2 hobgoblin zombies (D:9)
  A jackal skeleton (D:5)
  17 kobolds
  A kobold zombie (D:9)
  2 leopard gecko skeletons
  A leopard gecko zombie (D:5)
  An orc skeleton (D:9)
  2 quokka skeletons
  11 rats
  A fungus (Lair:1)
  13 plants
  2 tentacles (Shoals:3)
  A withered plant (D:5)
1386 creatures vanquished.

Vanquished Creatures (others)
  A satyr (Shoals:4)
  A demonic crawler (Spider:4)
  An air elemental (Elf:3)
  4 ufetubi (IceCv)
  2 fungi
  41 plants
  8 tentacles (Shoals:3)
58 creatures vanquished.

Grand Total: 1444 creatures vanquished

Notes
Turn   | Place    | Note
-------+----------+-------------------------------------------
     0 | D:1      | Peloso the Minotaur Fighter began the quest for the Orb.
     0 | D:1      | Reached XP level 1. HP: 19/19 MP: 0/0
   159 | D:1      | Reached XP level 2. HP: 27/27 MP: 1/1
   171 | D:1      | Reached skill level 4 in Shields
   743 | D:2      | Noticed Natasha
   756 | D:2      | Killed Natasha
   756 | D:2      | Reached XP level 3. HP: 15/33 MP: 2/2
   939 | D:2      | Noticed Natasha
   954 | D:2      | Killed Natasha
   954 | D:2      | Reached XP level 4. HP: 23/41 MP: 3/3
  1006 | D:2      | Noticed Natasha
  1013 | D:2      | Killed Natasha
  1013 | D:2      | Reached skill level 1 in Dodging
  1303 | D:2      | Reached XP level 5. HP: 44/47 MP: 4/4
  1503 | D:3      | Found a white marble altar of Elyvilon.
  1608 | D:3      | Noticed a centaur
  1616 | D:3      | Killed a centaur
  1616 | D:3      | Reached skill level 5 in Shields
  1777 | D:3      | Reached XP level 6. HP: 43/53 MP: 5/5
  2089 | D:3      | Found a sacrificial altar of Ru.
  2089 | D:3      | Found a shimmering altar of Xom.
  2090 | D:3      | Found a sparkling altar of Nemelex Xobeh.
  2210 | D:3      | Found a stormy altar of Qazlal.
  2210 | D:3      | Noticed an air elemental
  2212 | D:3      | Noticed a water elemental
  2212 | D:3      | Noticed a fire elemental
  2326 | D:4      | Reached skill level 5 in Long Blades
  2326 | D:4      | Reached skill level 6 in Shields
  2385 | D:4      | Noticed Edmund
  2398 | D:4      | Killed Edmund
  2398 | D:4      | Reached skill level 5 in Fighting
  2398 | D:4      | Reached XP level 7. HP: 53/61 MP: 6/6
  2716 | D:4      | Found Papp's Assorted Antiques.
  2947 | D:4      | You fall into a shaft and drop 2 floors!
  2962 | D:6      | Reached skill level 5 in Armour
  3096 | D:5      | Entered Level 5 of the Dungeon
  3295 | D:5      | Reached skill level 7 in Shields
  3295 | D:5      | Reached XP level 8. HP: 68/68 MP: 7/7
  3353 | D:5      | Found Gyruof's General Store.
  3355 | D:5      | Bought a scroll of enchant weapon for 90 gold pieces
  3557 | D:5      | Found a snail-covered altar of Cheibriados.
  3687 | D:5      | Found an ancient bone altar of Kikubaaqudgha.
  4128 | D:6      | Noticed Prince Ribbit
  4146 | D:6      | Killed Prince Ribbit
  4146 | D:6      | Reached skill level 8 in Shields
  4152 | D:6      | Reached XP level 9. HP: 10/78 MP: 8/8
  5012 | D:7      | Reached skill level 1 in Stealth
  5039 | D:7      | Found a staircase to the Ecumenical Temple.
  5049 | Temple   | Entered the Ecumenical Temple
  5142 | Temple   | Became a worshipper of Warmaster Okawaru
  5228 | D:7      | Found Zifroaduna's Distillery.
  5537 | D:7      | Noticed Harold
  5553 | D:7      | Killed Harold
  5553 | D:7      | Reached * piety under Okawaru
  5553 | D:7      | Reached skill level 10 in Long Blades
  5553 | D:7      | Reached skill level 5 in Dodging
  6002 | D:7      | You fall into a shaft and drop 1 floor!
  6056 | D:7      | Reached skill level 9 in Shields
  6614 | D:8      | Reached XP level 10. HP: 86/86 MP: 9/9
  6683 | D:8      | Found a snail-covered altar of Cheibriados.
  6807 | D:8      | Found an ornate altar of the Wu Jian Council.
  7564 | D:9      | Found a glowing golden altar of the Shining One.
  7572 | D:9      | Reached ** piety under Okawaru
  7805 | D:9      | Found a glowing silver altar of Zin.
  7833 | D:9      | Noticed Joseph
  7852 | D:9      | Killed Joseph
  8148 | D:9      | Noticed an eight-headed hydra
  8148 | D:9      | Noticed a cyclops
  8403 | D:10     | Entered Level 10 of the Dungeon
  8528 | D:10     | Reached skill level 10 in Shields
  8761 | D:10     | Noticed a tengu warrior
  9175 | D:11     | Noticed a green ugly thing
  9187 | D:11     | Killed a green ugly thing
  9200 | D:11     | Reached *** piety under Okawaru
  9371 | D:11     | Noticed a gargoyle
  9384 | D:11     | Killed a gargoyle
  9384 | D:11     | Reached XP level 11. HP: 71/95 MP: 10/10
  9492 | D:11     | Found Agho's Armour Shop.
  9492 | D:11     | Found a staircase to the Orcish Mines.
  9494 | D:11     | Found Zujoptima's Weapon Shop.
  9494 | D:11     | Noticed an orc knight
  9540 | D:11     | Killed an orc knight
  9923 | D:11     | Noticed Snorg
  9936 | D:11     | Killed Snorg
  9936 | D:11     | Reached **** piety under Okawaru
  9936 | D:11     | Reached skill level 11 in Shields
  9947 | D:11     | You fall into a shaft and drop 3 floors!
  9952 | D:14     | Noticed a tengu warrior
  9953 | D:14     | Noticed a tengu warrior
  9955 | D:14     | Noticed a two-headed ogre
  9959 | D:14     | Noticed a four-headed hydra
 10005 | D:14     | Killed a tengu warrior
 10005 | D:14     | Reached skill level 1 in Invocations
 10009 | D:14     | Killed a tengu warrior
 10022 | D:14     | Identified a scroll of acquirement
 10061 | D:14     | Killed a seven-headed hydra
 10363 | D:14     | Noticed a wizard
 10370 | D:14     | Killed a wizard
 10370 | D:14     | Reached ***** piety under Okawaru
 10438 | D:14     | Noticed a two-headed ogre
 10450 | D:14     | Killed a two-headed ogre
 10450 | D:14     | Received a gift from Okawaru
 10458 | D:14     | Noticed a necromancer
 10474 | D:14     | Killed a necromancer
 10600 | D:14     | Noticed a two-headed ogre
 10604 | D:14     | Noticed a wizard
 10612 | D:14     | Noticed a two-headed ogre
 10614 | D:14     | Killed a two-headed ogre
 10630 | D:14     | Killed a two-headed ogre
 10630 | D:14     | Reached XP level 12. HP: 43/106 MP: 9/12
 10792 | D:14     | Reached skill level 12 in Shields
 10933 | D:14     | Found a gate to the Vaults.
 11148 | D:13     | Reached skill level 10 in Fighting
 11646 | D:12     | Noticed a centaur warrior
 11648 | D:12     | Noticed a two-headed ogre
 11653 | D:13     | Killed a centaur warrior
 11653 | D:13     | Received a gift from Okawaru
 11654 | D:13     | Found the +0 mask of the Dragon {MR+ Slay+3 SInv}
 11669 | D:13     | Killed a two-headed ogre
 11936 | D:13     | Reached ****** piety under Okawaru
 12346 | D:11     | Found a staircase to the Lair.
 12364 | Lair:1   | Entered Level 1 of the Lair of Beasts
 13098 | Lair:1   | Reached skill level 13 in Shields
 13720 | Lair:2   | Reached XP level 13. HP: 100/116 MP: 13/13
 13804 | Lair:2   | Found a staircase to the Shoals.
 14637 | Lair:3   | Received a gift from Okawaru
 14817 | Lair:3   | Reached skill level 15 in Long Blades
 14963 | Lair:3   | Got a brightly glowing ivory ring
 14965 | Lair:3   | Identified the cursed ring of Kirreph {rF++ MP-9 Str-2
                  | Int+4 Dex+2} (You found it on level 3 of the Lair of
                  | Beasts)
 15044 | Lair:3   | Reached skill level 14 in Shields
 15062 | Lair:3   | Reached skill level 10 in Dodging
 15262 | Lair:3   | Found a hole to the Spider Nest.
 19550 | Lair:5   | Received a gift from Okawaru
 19550 | Lair:5   | Reached skill level 10 in Armour
 19737 | Lair:6   | Entered Level 6 of the Lair of Beasts
 19763 | Lair:6   | Reached XP level 14. HP: 77/127 MP: 14/14
 20062 | Lair:6   | Found a viscous altar of Jiyva.
 20062 | Lair:6   | Found a staircase to the Slime Pits.
 20550 | Lair:6   | Reached skill level 15 in Shields
 20577 | Lair:6   | Received a gift from Okawaru
 21107 | D:15     | Entered Level 15 of the Dungeon
 21543 | D:15     | Noticed Louise
 21573 | D:15     | Killed Louise
 21845 | D:15     | Received a gift from Okawaru
 21848 | D:15     | Got a faintly humming cloak {god gift}
 21859 | D:15     | Identified the +0 cloak of Masochism {rF+ Dex-4 SInv}
                  | (Okawaru gifted it to you on level 15 of the Dungeon)
 21891 | D:15     | Reached skill level 16 in Shields
 22063 | D:15     | Reached XP level 15. HP: 89/137 MP: 8/15
 22178 | D:15     | Found a staircase to the Depths.
 22681 | Orc:1    | Entered Level 1 of the Orcish Mines
 22724 | Orc:1    | Noticed Fannar
 22728 | Orc:1    | Noticed an orc warlord
 22737 | Orc:1    | Killed Fannar
 22779 | D:11     | Killed an orc warlord
 22979 | Orc:1    | Found a roughly hewn altar of Beogh.
 23610 | Orc:2    | Entered Level 2 of the Orcish Mines
 23628 | Orc:2    | Found a staircase to the Elven Halls.
 23740 | Orc:2    | Found a roughly hewn altar of Beogh.
 24039 | Orc:2    | Reached skill level 17 in Shields
 24112 | Orc:2    | Found Cuhynaj's Antique Armour Emporium.
 24125 | Orc:2    | Bought a translucent chain mail for 294 gold pieces
 24137 | Orc:2    | Identified the +7 chain mail of the Furies {rPois} (You
                  | bought it in a shop on level 2 of the Orcish Mines)
 24198 | Orc:2    | Found Waikam's Distillery.
 24200 | Orc:2    | Found Seipafel's General Store.
 24309 | Orc:2    | Bought a potion of berserk rage for 80 gold pieces
 24357 | Orc:2    | HP: 6/139 [orc warrior/+0 mace (18)]
 24832 | Orc:2    | Received a gift from Okawaru
 25598 | Orc:2    | Found Zaskahu's Book Boutique.
 25598 | Orc:2    | Found a one-way gate leading to the halls of Pandemonium.
 25598 | Orc:2    | Found Zeheam's Antique Weapon Shop.
 25612 | Orc:2    | Bought an ichor-stained falchion for 272 gold pieces
 25613 | Orc:2    | Identified the +3 falchion of Nilec {vamp, rElec} (You
                  | bought it in a shop on level 2 of the Orcish Mines)
 26490 | Spider:1 | Entered Level 1 of the Spider Nest
 26635 | Spider:1 | Reached XP level 16. HP: 136/147 MP: 16/16
 26640 | Spider:1 | Reached skill level 18 in Shields
 27477 | Spider:1 | Found a runed translucent door.
 27477 | Spider:1 | Noticed Remyf's ghost (journeyman GnWn)
 27497 | Spider:1 | Killed Remyf's ghost
 27497 | Spider:1 | Received a gift from Okawaru
 28702 | Spider:2 | Reached skill level 15 in Fighting
 29348 | Spider:3 | Reached skill level 19 in Shields
 29436 | Spider:3 | Noticed Azrael
 29452 | Spider:3 | Killed Azrael
 29632 | Spider:3 | Received a gift from Okawaru
 30375 | Spider:4 | Entered Level 4 of the Spider Nest
 30379 | Spider:4 | Got a slimy dagger
 30391 | Spider:4 | Noticed Aizul
 30426 | Spider:3 | Killed Aizul
 30930 | Spider:4 | Received a gift from Okawaru
 31137 | Spider:4 | Noticed Arachne
 31161 | Spider:3 | Reached XP level 17. HP: 150/156 MP: 14/17
 31171 | Spider:3 | Killed Arachne
 31775 | Spider:4 | Reached skill level 20 in Shields
 31845 | Spider:4 | Received a gift from Okawaru
 31885 | Spider:4 | Got a gossamer rune of Zot
 32220 | Lair:1   | Identified the +8 dagger of Dotugog {venom, *Drain +Rage
                  | rPois} (You found it on level 4 of the Spider Nest)
 32355 | Shoals:1 | Entered Level 1 of the Shoals
 32797 | Shoals:1 | Noticed a kraken
 33342 | Shoals:2 | You fall into a shaft and drop 1 floor!
 33599 | Shoals:2 | Received a gift from Okawaru
 33604 | Shoals:3 | Reached skill level 21 in Shields
 34639 | Shoals:2 | Reached XP level 18. HP: 120/167 MP: 13/18
 34868 | Shoals:2 | Found Viary's Jewellery Emporium.
 35187 | Shoals:3 | Identified the +2 leather armour "Joigucu" {*Drain rElec
                  | rF+ MP+9}
 35628 | Shoals:4 | Entered Level 4 of the Shoals
 35675 | Shoals:4 | Received a gift from Okawaru
 36695 | Shoals:4 | Reached skill level 22 in Shields
 37062 | Shoals:4 | Received a gift from Okawaru
 37072 | Shoals:4 | Got a pair of ichor-stained gloves {god gift}
 37092 | Shoals:4 | Identified the -5 pair of gloves of Fun {rN++} (Okawaru
                  | gifted it to you on level 4 of the Shoals)
 37405 | Shoals:4 | Got a barnacled rune of Zot
 37417 | Shoals:4 | Identified the amulet "Maabroet" {*Slow rElec rF+ Regen+
                  | Int+7}
 39364 | Elf:1    | Entered Level 1 of the Elven Halls
 39489 | Elf:1    | Found a frozen archway.
 39506 | IceCv    | Entered an ice cave
 39800 | IceCv    | Found the +10 morningstar "Eos" {elec, Halo rElec}
 41342 | Elf:2    | Reached XP level 19. HP: 177/177 MP: 19/19
 41417 | Elf:2    | Found a runed translucent gate.
 41417 | Elf:2    | Found a runed translucent gate.
 41420 | Elf:2    | Found a runed translucent gate.
 41849 | Elf:2    | Cast into level 3 of the Abyss (a deep elf sorcerer)
 41880 | Abyss:3  | Received a gift from Okawaru
 41900 | Abyss:3  | Reached skill level 23 in Shields
 42042 | Abyss:4  | Noticed a profane servitor
 42077 | Elf:2    | Escaped the Abyss
 42371 | Elf:2    | Found Renoret's Magic Scroll Shop.
 42496 | Elf:3    | Entered Level 3 of the Elven Halls
 42896 | Elf:3    | Received a gift from Okawaru
 43069 | Elf:3    | Found Julal's Jewellery Emporium.
 43086 | Elf:3    | Bought the ring of Pieluom {rPois AC+1 Str+7 Dex+6} for 581
                  | gold pieces
 43250 | Elf:3    | Cast into level 3 of the Abyss (a deep elf sorcerer)
 43307 | Abyss:3  | Gained mutation: You are clumsy. (Dex -2) [a neqoxec]
 43312 | Abyss:3  | Lost intelligence.
 43319 | Abyss:3  | Gained mutation: You are weak. (Str -2) [a neqoxec]
 43398 | Elf:3    | Escaped the Abyss
 43702 | Elf:3    | Identified the +8 falchion of the Slime-mould {vamp,
                  | *Corrode +Rage rC+ Stlth+}
 43750 | Elf:3    | HP: 6/179 [deep elf death mage/bolt of negative energy
                  | (24)]
 43763 | Elf:3    | Killed from afar by a deep elf death mage

Levels and vault maps discovered:
D:1:      roderic_octagonal_star, layout_loops_ring,
          chequers_serial_rivers_small_b
D:2:      layout_basic, uniq_natasha
D:3:      layout_basic, lemuel_crystal_altar, nicolae_qazlal_style_of_elements,
          gammafunk_temple_overflow_claw, skrybe_limestone_x
D:4:      layout_basic, serial_glass, glass_columns_a, glass_columns_c,
          glass_columns_a, glass_columns_a, serial_shops, shop, uniq_edmund
D:5:      layout_loops_ring, kiku_gazebo_garden_becter, kennysheep_mini,
          first_ration, serial_shops, shop
D:6:      layout_basic, serial_bayou_lagoon_a, uniq_prince_ribbit1
D:7:      layout_loops_ring, minmay_temple_entry_overgrown, serial_shops,
          nicolae_shop_trees, kennysheep_generic_room_4, uniq_harold
D:8:      layout_gridville, overflow_temple_1_default, grunt_pizzeria,
          chei_slow_surprise
D:9:      minmay_bloctagon_deflated, layout_gridville,
          nicolae_tso_besieged_by_evil, kennysheep_little_box, uniq_joseph
D:10:     layout_loops_ring, onia_ninara_dug_in_and_dangerous
D:11:     layout_loops_ring, grunt_lair_entry_orc_guard_hut, orc_david_3,
          roderic_lattice_a, uniq_snorg
D:12:     layout_stronghold
D:13:     layout_layer_cave
D:14:     layout_rooms, david_vaults_1
D:15:     grunt_enter_depths_magical_seal, layout_long_grid, uniq_louise
Temple:   minmay_temple_forest_path
Lair:1:   layout_cave_pods, st_stairs_3, grunt_forest_small_clearing_treed,
          grunt_megastairs_1, lemuel_fruit_tree
Lair:2:   layout_cave_pods, minmay_shoals_entry_hut
Lair:3:   regret_index_bee_streams, layout_small_grid,
          nicolae_spider_entry_orb_guardian
Lair:4:   layout_big_grid
Lair:5:   layout_regular_city, cheibrodos_lair_caveside_slide
Lair:6:   grunt_lair_end_beastmaster, layout_cave_pods,
          dpeg_slime_entry_enclosed_altar
Shoals:1: layout_shoals, hangedman_shoal_volcano
Shoals:2: layout_shoals, minmay_shop_enchanted_jewellery
Shoals:3: layout_shoals
Shoals:4: shoals_end_grunt_garden, layout_shoals
Spider:1: layout_chambers, ebering_ghost_inner_flame, nicolae_crawler_farm
Spider:2: layout_spider_delve, hive_lemuel
Spider:3: layout_spider_delve, drop_trap, nicolae_spider_nook, uniq_azrael
Spider:4: grunt_spider_rune_circles, uniq_arachne, uniq_aizul
Orc:1:    orc_temple, layout_caves, uniq_fannar
Orc:2:    pf_orc_diabolical, layout_diamond_mine, basic_altar,
          guppyfry_orc_lava_fort
Elf:1:    eino_elf_arrival_customs, layout_geoelf_diagonals,
          portal_ice_cave_entry_frozen_things, kennysheep_underground_church
Elf:2:    layout_gridlike, serial_shops, nicolae_shop_crystal,
          grunt_megastairs_2
Elf:3:    minmay_elf_hall, layout_geoelf_grid, serial_shops, shop

Skill      XL: |  1  2  3  4  5  6  7  8  9 10 11 12 13 14 15 16 17 18 19 |
---------------+----------------------------------------------------------+-----
Shields        | 4 5 6 7 8 9 10 11 13 14 16 17 19 21 22 23 | 23.7
Fighting       | 4 5 6 7 8 9 11 12 13 14 15 16 17 18 | 18.0
Armour         | 4 5 7 8 9 10 11 12 13 14 | 14.0
Long Blades    | 3 4 5 6 8 10 12 13 14 15 16 17 18 19 | 19.5
Dodging        | 1 2 3 4 5 6 7 8 10 11 12 13 | 13.3
Stealth        | 1 2 3 4 |  4.8
Invocations    | 1 2 |  2.7
Evocations     | |  0.1

Action                   |  1- 3 |  4- 6 |  7- 9 | 10-12 | 13-15 | 16-18 | 19-21 || total
-------------------------+-------+-------+-------+-------+-------+-------+-------++-------
Melee: Long sword        |    83 |   138 |   364 |   357 |       |       |       ||   942
       Headbutt          |    16 |    29 |    91 |   191 |   394 |   440 |   108 ||  1269
       Scimitar          |       |       |       |   393 |  1295 |       |       ||  1688
       Falchion          |       |       |       |       |    37 |       |       ||    37
       Demon blade       |       |       |       |       |    28 |  1618 |   367 ||  2013
Invok: Heroism           |       |       |     1 |    10 |     7 |    12 |     4 ||    34
       Finesse           |       |       |       |       |     2 |       |       ||     2
Evoke: Wand              |       |       |       |     5 |     2 |     1 |       ||     8
  Use: Scroll            |       |     6 |     6 |    16 |     7 |     7 |       ||    42
       Potion            |       |       |     2 |     2 |     1 |     4 |    10 ||    19
 Stab: Sleeping          |       |       |       |     1 |     3 |       |       ||     4
       Distracted        |       |       |       |       |     1 |       |       ||     1
       Petrifying        |       |       |       |       |     1 |       |       ||     1
       Held in net/web   |       |       |       |       |       |     1 |       ||     1
  Eat: Chunk             |       |     4 |    14 |    31 |    34 |    37 |     4 ||   124
       Ration            |       |       |       |       |     2 |     4 |     1 ||     7
Armor: Quicksilver drago |    36 |   101 |    95 |   222 |   260 |       |       ||   714
       Scale mail        |     1 |       |       |       |       |       |       ||     1
       Chain mail        |       |       |       |       |    65 |   581 |    74 ||   720
Dodge: Dodged            |    28 |    69 |   125 |   305 |   485 |   691 |    71 ||  1774
       Deflected         |       |       |       |       |     7 |    57 |       ||    64
Block: Shield            |    48 |   119 |   165 |   433 |   524 |       |       ||  1289
       Large shield      |       |       |       |       |   694 |  2176 |   381 ||  3251
       Rpst.: Long sword |     6 |    20 |    33 |    41 |       |       |       ||   100
       Scimitar          |       |       |       |    22 |   110 |       |       ||   132
       Falchion          |       |       |       |       |     1 |       |       ||     1
       Demon blade       |       |       |       |       |       |   110 |    11 ||   121

Table legend:
 A = Non-vault XP
 B = Vault XP
 C = Vault XP percentage of total XP
 D = Non-vault monster count
 E = Vault monster count
 F = Vault count percentage of total count
                 A         B        C        D         E       F
            +---------+---------+-------+---------+---------+-------
      Total |  273837 |  175194 |  39.0 |     950 |     420 |  30.7
            +---------+---------+-------+---------+---------+-------
        D:1 |      31 |       0 |   0.0 |      22 |       0 |   0.0
        D:2 |     137 |      35 |  20.3 |      26 |       1 |   3.7
        D:3 |     288 |       0 |   0.0 |      31 |       0 |   0.0
        D:4 |     366 |     173 |  32.1 |      23 |       1 |   4.2
        D:5 |     905 |       0 |   0.0 |      24 |       0 |   0.0
        D:6 |    1344 |     277 |  17.1 |      23 |       1 |   4.2
        D:7 |     771 |     987 |  56.1 |      27 |       1 |   3.6
        D:8 |    1261 |     207 |  14.1 |      27 |       2 |   6.9
        D:9 |     607 |    2861 |  82.5 |      23 |      13 |  36.1
       D:10 |    1716 |       0 |   0.0 |      20 |       0 |   0.0
       D:11 |    2151 |    4192 |  66.1 |      18 |      11 |  37.9
       D:12 |    4056 |       0 |   0.0 |      42 |       0 |   0.0
       D:13 |    7664 |       0 |   0.0 |      30 |       0 |   0.0
       D:14 |    7636 |    3123 |  29.0 |      23 |       4 |  14.8
       D:15 |   18152 |    5655 |  23.8 |      46 |      10 |  17.9
     Lair:1 |    3005 |     927 |  23.6 |      16 |       5 |  23.8
     Lair:2 |    5641 |     289 |   4.9 |      23 |       1 |   4.2
     Lair:3 |    4900 |    5833 |  54.3 |      27 |      51 |  65.4
     Lair:4 |    3916 |       0 |   0.0 |      18 |       0 |   0.0
     Lair:5 |    1039 |       0 |   0.0 |       5 |       0 |   0.0
     Lair:6 |   12982 |    8135 |  38.5 |      26 |      16 |  38.1
   Shoals:1 |   17710 |    4143 |  19.0 |      36 |      10 |  21.7
   Shoals:2 |   25567 |       0 |   0.0 |      49 |       0 |   0.0
   Shoals:3 |   15439 |       0 |   0.0 |      25 |       0 |   0.0
   Shoals:4 |   20076 |   21635 |  51.9 |      43 |      31 |  41.9
   Spider:1 |    9221 |    4519 |  32.9 |      26 |       9 |  25.7
   Spider:2 |   12757 |     866 |   6.4 |      28 |      14 |  33.3
   Spider:3 |   18408 |   12602 |  40.6 |      44 |      24 |  35.3
   Spider:4 |   10692 |   23532 |  68.8 |      25 |      37 |  59.7
      Orc:1 |    2897 |    7124 |  71.1 |      16 |      30 |  65.2
      Orc:2 |    5754 |   24024 |  80.7 |      44 |      80 |  64.5
      Elf:1 |    8769 |    7629 |  46.5 |      12 |      13 |  52.0
      Elf:2 |   17854 |    4535 |  20.3 |      27 |       6 |  18.2
      Elf:3 |   17830 |   19697 |  52.5 |      28 |      11 |  28.2
    Abyss:3 |    3239 |    5601 |  63.4 |       8 |       8 |  50.0
    Abyss:4 |    9056 |       0 |   0.0 |      19 |       0 |   0.0
      IceCv |       0 |    6593 | 100.0 |       0 |      30 | 100.0
            +---------+---------+-------+---------+---------+-------
